 Dungeon Crawl Stone Soup version 0.14-a0-1169-g4815781 (webtiles) character file.

4726 nOtime the Spear-Bearer (level 10, -21/83 HPs)
             Began as a Minotaur Fighter on Nov 29, 2013.
             Was an Elder of Okawaru.
             Killed from afar by Nergalle (39 damage)
             ... with a bolt of negative energy
             ... on Level 10 of the Dungeon.
             The game lasted 00:34:11 (8132 turns).

nOtime the Spear-Bearer (Minotaur Fighter)          Turns: 8132, Time: 00:34:11

HP -21/83        AC 15     Str 22      XL: 10   Next: 12%
MP   4/4         EV 11     Int  5      God: Okawaru [****..]
Gold 393         SH 25     Dex 12      Spells:  0 memorised,  9 levels left

rFire  . . .     SeeInvis .     G - +1,+0 spear (freeze)
rCold  . . .     Clarity  .     i - +1 scale mail
rNeg   . . .     Conserve .     c - +0 shield
rPois  .         rCorr    .     h - +2 wizard hat
rElec  .         rRot     .     m - +0 cloak
SustAb . .       Spirit   .     (no gloves)
rMut   .         Warding  .     C - +1 pair of boots
Gourm  +         Stasis   .     M - amulet of the gourmand
                                (no ring)
                                (no ring)

@: heroism, heavily drained, somewhat resistant to hostile enchantments,
extremely unstealthy
A: retaliatory headbutt, horns 2
a: Heroism, Renounce Religion


You were on level 10 of the Dungeon.
You worshipped Okawaru.
Okawaru was greatly pleased with you.
You were hungry.

You visited 2 branches of the dungeon, and saw 11 of its levels.

You collected 393 gold pieces.

Inventory:

Hand weapons
 a - a +0,-1 trident
 G - a +1,+0 spear of freezing (weapon)
Armour
 b - a +0 scale mail
 c - a +0 shield (worn)
 f - a +0 scale mail
 h - a +2 wizard hat (worn)
 i - a +1 scale mail (worn)
 m - a +0 cloak (worn)
 v - a +0 pair of dwarven boots
 C - a +1 pair of boots (worn)
Magical devices
 j - a wand of slowing (3)
 E - a wand of random effects (11)
 J - a wand of draining (5)
Comestibles
 d - 3 bread rations
 z - 3 meat rations
Scrolls
 g - 4 scrolls of remove curse {unknown}
 l - 3 scrolls of random uselessness {unknown}
 o - 2 scrolls of teleportation {unknown}
 q - 5 scrolls of identify
 r - 2 scrolls of recharging {unknown}
 u - a scroll of blinking {unknown}
 F - a scroll of curse weapon {unknown}
 I - a scroll of enchant weapon I {unknown}
Jewellery
 D - a cursed -3 ring of dexterity
 M - an amulet of the gourmand (around neck)
Potions
 e - a potion of confusion {unknown}
 k - 3 potions of speed {unknown}
 n - a potion of resistance {unknown}
 p - a potion of agility {unknown}
 s - 2 potions of might {unknown}
 t - 2 potions of restore abilities {unknown}
 w - 2 potions of invisibility {unknown}
 A - a potion of heal wounds {unknown}
 L - 2 potions of curing
 N - a potion of brilliance {unknown}
Books
 x - a book of Debilitation

   Spells                             Type                      Level
   Corona                             Hexes                        1
   Slow                               Hexes                        2
   Inner Flame                        Hexes/Fire                   3
   Enslavement                        Hexes                        4
   Cause Fear                         Hexes                        4
   Leda's Liquefaction                Hexes/Earth                  4
 y - a book of Dreams

   Spells                             Type                      Level
   Ensorcelled Hibernation            Hexes/Ice                    2
   Flight                             Charms/Air                   3
   Phase Shift                        Translocation                5
   Shadow Creatures                   Summoning                    5
   Mass Confusion                     Hexes                        6
   Darkness                           Hexes                        7
 H - a book of Clouds

   Spells                             Type                      Level
   Mephitic Cloud                     Conjuration/Poison/Air       3
   Conjure Flame                      Conjuration/Fire             3
   Poisonous Cloud                    Conjuration/Poison/Air       6
   Freezing Cloud                     Conjuration/Ice/Air          6
   Ring of Flames                     Charms/Fire                  7
Rods
 B - a +0 rod of venom (9/9)
   (You found it on level 8 of the Dungeon)


   Skills:
 + Level 6.9(9.6) Fighting
 + Level 9.2(11.8) Polearms
 + Level 8.2(10.8) Armour
 + Level 7.6(10.3) Dodging
 + Level 9.1(11.7) Shields
 + Level 1.1(0.0) Invocations
 + Level 0.8(0.0) Evocations


You had 9 spell levels left.
You didn't know any spells.

Dungeon Overview and Level Annotations

Branches:
Dungeon (10/16)            Temple (1/1) D:5            Lair (0/8) D:9
    Orc: D:9-12

Altars:
Ashenzari
Elyvilon
Fedhas
Nemelex Xobeh
Okawaru
Trog
Yredelemnul

Shops:
D:9 %

Annotations:
D:10 Nergalle, Urug


Innate Abilities, Weirdness & Mutations

You reflexively headbutt those who attack you in melee.
You have a pair of horns on your head.


Message History

* * * LOW HITPOINT WARNING * * *
You block the spectral orc warrior's attack.
The spectral orc warrior hits you but does no damage.
You block the spectral orc warrior's attack.
The spectral orc completely misses you. Nergalle casts a spell at you.
The bolt of negative energy misses you.
You block the spectral orc warrior's attack.
The spectral orc knight hits you but does no damage.
The spectral orc warrior hits you but does no damage.
You climb downwards.
Level annotation: Urug You block the spectral orc warrior's attack.
There is a stone staircase leading up, spattered with blood here.
The spectral orc warrior hits you but does no damage.
Nergalle casts a spell at you.
The bolt of negative energy hits the spectral orc warrior.
The spectral orc warrior completely resists.
The bolt of negative energy hits you!
You feel drained.
You die...

##..W##.WW
##.W..####.
##....## #W
###....## ##
##.....##
##......#
#.....###
###...###
#@WW..#
##WWW.##
##Wo..##
#..[.##
###...##
##.....#
##.....###
##........#
###....#....##


You could see Nergalle, a spectral orc, a spectral orc knight and 4 spectral orc
warriors.

Vanquished Creatures
  The ghost of PolkaDot the Grappler, an experienced TrDK of Yredelemnul (D:8)
  A hill giant (D:10)
  A fire drake (D:9)
  Eustachio (D:7)
  3 yaks
  A black bear (D:8)
  3 ogres
  3 ice beasts
  A centaur (D:6)
  A crocodile (D:8)
  A water moccasin (D:8)
  5 giant frogs
  A hippogriff skeleton (D:6)
  5 wights (D:7)
  2 goliath beetles
  4 crimson imps
  An orc priest (D:4)
  A hound (D:6)
  2 jellies
  A quasit (D:3)
  7 orc wizards
  An iguana (D:4)
  A scorpion (D:7)
  8 worker ants
  A hound zombie (D:9)
  7 adders
  3 worms
  A grey rat (D:7)
  An iguana skeleton (D:7)
  A giant eyeball (D:9)
  5 giant geckos
  2 oozes
  26 orcs
  3 ball pythons
  13 hobgoblins
  7 jackals
  2 quokkas
  16 bats
  3 giant cockroaches
  A giant gecko skeleton (D:7)
  4 giant newts
  9 goblins
  10 kobolds
  An orc skeleton (D:4)
  9 rats
  A spectral orc (D:10)
182 creatures vanquished.

Vanquished Creatures (others)
  An orc wizard (D:6)
1 creature vanquished.

Grand Total: 183 creatures vanquished

Notes
Turn   | Place    | Note
--------------------------------------------------------------
     0 | D:1      | nOtime, the Minotaur Fighter, began the quest for the Orb.
     0 | D:1      | Reached XP level 1. HP: 19/19 MP: 0/0
   267 | D:1      | Reached XP level 2. HP: 26/26 MP: 0/0
   620 | D:1      | Reached skill level 4 in Shields
  1023 | D:2      | Reached XP level 3. HP: 33/33 MP: 1/1
  1327 | D:2      | Found a sparkling altar of Nemelex Xobeh.
  1327 | D:2      | Found a blossoming altar of Fedhas.
  1752 | D:3      | Reached skill level 1 in Dodging
  1783 | D:3      | Reached XP level 4. HP: 36/40 MP: 1/1
  2467 | D:3      | Reached XP level 5. HP: 36/46 MP: 1/1
  2713 | D:4      | Found a shattered altar of Ashenzari.
  2735 | D:4      | HP: 2/46 [it/puff of flame (9)]
  2768 | D:4      | Reached skill level 5 in Armour
  2768 | D:4      | Reached XP level 6. HP: 19/53 MP: 2/2
  2830 | D:4      | Upgraded the game from 0.14-a0-1168-gf5005bf to 0.14-a0-1169-g4815781
  2999 | D:4      | Reached skill level 5 in Shields
  3213 | D:5      | Entered Level 5 of the Dungeon
  3461 | D:5      | Found a staircase to the Ecumenical Temple.
  3475 | Temple   | Entered the Ecumenical Temple
  3479 | Temple   | Became a worshipper of Warmaster Okawaru
  3787 | D:6      | Reached skill level 5 in Fighting
  3882 | D:6      | Reached XP level 7. HP: 53/60 MP: 2/2
  3969 | D:6      | Found a blossoming altar of Fedhas.
  4077 | D:6      | Reached skill level 5 in Polearms
  4088 | D:6      | Acquired Okawaru's first power
  4163 | D:6      | Reached skill level 6 in Armour
  4731 | D:7      | Reached XP level 8. HP: 64/68 MP: 2/2
  5224 | D:7      | Noticed Eustachio
  5308 | D:7      | Killed Eustachio
  5308 | D:7      | Reached skill level 5 in Dodging
  5587 | D:8      | Reached skill level 7 in Shields
  5617 | D:8      | Noticed PolkaDot's ghost (experienced TrDK)
  5928 | D:8      | Killed PolkaDot's ghost
  5928 | D:8      | Reached XP level 9. HP: 74/74 MP: 1/3
  6016 | D:8      | Reached skill level 8 in Polearms
  6196 | D:8      | Reached skill level 1 in Invocations
  6959 | D:9      | Found Imeavamp's Food Shoppe.
  7002 | D:9      | Noticed a fire drake
  7021 | D:9      | Killed a fire drake
  7050 | D:9      | Found a staircase to the Lair.
  7202 | D:9      | Found a bloodstained altar of Trog.
  7246 | D:9      | Paralysed by a giant eyeball for 4 turns
  7341 | D:10     | Entered Level 10 of the Dungeon
  7397 | D:10     | Reached skill level 9 in Polearms
  7661 | D:10     | Noticed a hill giant
  7666 | D:10     | Noticed Nergalle
  7711 | D:10     | Killed a hill giant
  7711 | D:10     | Reached XP level 10. HP: 44/83 MP: 2/4
  7784 | D:10     | Noticed Urug
  7838 | D:10     | Noticed a spectral orc warlord
  8067 | D:9      | Identified a +0 rod of venom (9/9) (You found it on level 8 of the Dungeon)
  8132 | D:10     | Killed from afar by Nergalle

Action                   |  1- 3 |  4- 6 |  7- 9 | 10-12 || total
-------------------------+-------+-------+-------+-------++-------
Melee: Trident           |   129 |   177 |   267 |       ||   573
       Spear             |       |       |   225 |    77 ||   302
Invok: Heroism           |       |       |     5 |     1 ||     6
Evoke: Wand              |       |     1 |     2 |     2 ||     5
  Use: Potion            |       |     4 |       |       ||     4
       Scroll            |       |       |     3 |       ||     3
 Stab: Distracted        |       |     1 |       |       ||     1
